 Dungeon Crawl Stone Soup version 0.22-a0-238-gd711f9382e (webtiles) character file.

4 Fuhrer the Shield-Bearer (level 1, -6/20 HPs)
             Began as a Deep Dwarf Fighter on Feb 21, 2018.
             Mangled by Fuhrer's ghost (7 damage)
             ... on level 4 of the Dungeon.
             The game lasted 00:02:42 (167 turns).

Fuhrer the Shield-Bearer (Deep Dwarf Fighter)        Turns: 167, Time: 00:02:42

Health: -6/20      AC: 10    Str: 24    XL:     1   Next: 50%
Magic:  0/0        EV:  8    Int:  8    God:
Gold:   11         SH:  0    Dex: 12    Spells: 0/0 levels left

rFire    . . .     SeeInvis .   a - +0 war axe
rCold    . . .     Gourm    .   (no shield)
rNeg     . . .     Faith    .   h - +0 chain mail
rPois    .         Spirit   .   i - +0 helmet
rElec    .         Reflect  .   (no cloak)
rCorr    .         Harm     .   (no gloves)
MR       .....                  (no boots)
Stlth    ..........             (no amulet)
HPRegen  0.00/turn              (no ring)
MPRegen  0.07/turn              (no ring)

@: mighty, non-regenerating
A: damage resistance, heal wounds, sense surroundings 1, no regeneration
a: Heal Wounds


You were on level 4 of the Dungeon.
You were not hungry.

You visited 1 branch of the dungeon, and saw 5 of its levels.

You collected 11 gold pieces.

Inventory:

Hand Weapons
 a - a +0 war axe (weapon)
Armour
 b - a +0 scale mail
 c - a +0 shield
 h - a +0 chain mail (worn)
 i - a +0 helmet (worn)
Scrolls
 k - 3 scrolls of identify {unknown}
Potions
 e - a potion of curing {unknown}
 g - a potion of flight {unknown}
Comestibles
 f - a ration
 j - 2 chunks of flesh


   Skills:
 - Level 2.6 Fighting
 + Level 2.6 Axes
 - Level 3.2 Armour
 - Level 3.2 Shields


You couldn't memorise any spells.
You didn't know any spells.

Dungeon Overview and Level Annotations

Branches:
Dungeon (5/15)
 Temple: D:4-7

Altars:

Annotations:
D:4 Fuhrer's ghost, amateur DDFi


Innate Abilities, Weirdness & Mutations

You are resistant to damage.
You can heal yourself by infusing magical energy.
You passively map a small area around you.
You do not regenerate.


Message History

Fuhrer's ghost hits you!
The howler monkey completely misses you.
You closely miss the howler monkey. You closely miss Fuhrer's ghost.
Fuhrer's ghost hits you!
Ouch! That really hurt!
* * * LOW HITPOINT WARNING * * *
The howler monkey hoots and howls with incredible vigour!
Fuhrer's ghost hits you.
* * * LOW HITPOINT WARNING * * *
You hear a bark!
You hit Fuhrer's ghost.
Fuhrer's ghost is moderately damaged.
You slash the howler monkey! The howler monkey barely misses you.
Fuhrer's ghost hits you but does no damage.
The howler monkey closely misses you.
A worker ant comes into view.
You barely miss the howler monkey.
The howler monkey is severely wounded.
You hit Fuhrer's ghost. Fuhrer's ghost hits you!
You die...

,, * ...
.#.. * * a.
**... * #.#
..., ..##..
* * #.#..# ,
, ##...< * *
#....# * ,
,#@# * *,* ,
#ahW....#
#.#.##.....
* ,
...#..**##.#
* * ..#*##.*
#.:.,* .# *
* ### *.# *
* .#


You could see a howler monkey, 2 worker ants and Fuhrer's ghost.

Vanquished Creatures
  A giant cockroach (D:3)
  A quokka (D:4)
  A kobold (D:3)
  A rat (D:3)
4 creatures vanquished.

Notes
Turn   | Place    | Note
-------+----------+-------------------------------------------
     0 | D:1      | Fuhrer the Deep Dwarf Fighter began the quest for the Orb.
     0 | D:1      | Reached XP level 1. HP: 20/20 MP: 1/1
   148 | D:4      | Noticed a hound
   149 | D:4      | Noticed a hound
   152 | D:5      | Entered Level 5 of the Dungeon
   155 | D:5      | Noticed a centaur
   159 | D:5      | Noticed a centaur
   159 | D:4      | Noticed a howler monkey
   159 | D:4      | Noticed Fuhrer's ghost (amateur DDFi)
   162 | D:4      | Noticed a worker ant
   165 | D:4      | HP: 1/20 [Fuhrer's ghost (1)]
   167 | D:4      | Noticed a worker ant
   167 | D:4      | Mangled by Fuhrer's ghost

Vault maps used:
D:1:      dpeg_arrival_radiant, minivault_24, corexii_leaking_fountain,
          eino_curves_02
D:2:      hangedman_ru_absence, dancing_weapons_uskayaw,
          nicolae_ashenzari_panopticon, chequers_big_river,
          roderic_filled_cross, uniq_terence
D:3:      chequers_ecumenical_altar_simple, first_ration
D:4:      minmay_temple_entry_poolview, tgw_kikubaaqudgha
D:5:      nicolae_gozag_seed_capital

Action                   || total
-------------------------++-------
Melee: War axe           ||    22
 Abil: Heal Wounds       ||     1
  Use: Potion            ||     1
Armor: Chain mail        ||     9
       Scale mail        ||     7
Dodge: Dodged            ||     9
Block: Shield            ||     7

Table legend:
 A = Spawn XP
 B = Non-spawn XP
 C = Spawn XP percentage of total XP
 D = Spawn monster count
 E = Non-spawn monster count
 F = Spawn count percentage of total count
 G = Total turns spent on level
                    A         B        C        D         E        F      G
               +---------+---------+-------+---------+---------+-------+---------
         Total |       0 |       6 |   0.0 |       0 |       4 |   0.0 |   167
               +---------+---------+-------+---------+---------+-------+---------
           D:3 |       0 |       4 |   0.0 |       0 |       3 |   0.0 |    77
           D:4 |       0 |       2 |   0.0 |       0 |       1 |   0.0 |    24
               +---------+---------+-------+---------+---------+-------+---------
